 Dungeon Sprint DCSS version 0.27.1 (webtiles) character file.

Game seed: 15075495334268608493

14665 Dadi the Bludgeoner (level 12, -6/136 HPs)
             Began as a Gargoyle Berserker on Aug 25, 2021.
             Was the Champion of Trog.
             Mangled by a fire giant (11 damage)
             ... in the Dungeon (Sprint I: "Red Sonja").
             The game lasted 00:11:14 (2568 turns).

Dadi the Bludgeoner (Gargoyle Berserker)            Turns: 2568, Time: 00:11:15

Health: -6/136     AC: 26    Str: 26    XL:     12   Next: 18%
Magic:  12/12      EV: 10    Int:  8    God:    Trog [******]
Gold:   596        SH:  0    Dex: 13    Spells: 11/11 levels left

rFire    . . .     SeeInvis .   n - +12 great mace of Psychosis {vorpal, Fragile rN++ Dex+4 Stlth+}
rCold    . . .     Faith    .   (shield currently unavailable)
rNeg     + + +     Spirit   .   d - +3 chain mail
rPois    ∞         Reflect  .   (no helmet)
rElec    +         Harm     .   (no cloak)
rCorr    .         Rampage  .   (no gloves)
Will     .....     NoTele   +   (no boots)
Stlth    ..........             (no amulet)
HPRegen  0.32/turn              (no ring)
MPRegen  0.13/turn              (no ring)

@: berserking (expiring), very quick
A: sickness immunity, AC +8, negative energy resistance 1, electricity
resistance, torment resistance 1, petrification resistance
a: Renounce Religion, Berserk, Trog's Hand, Brothers in Arms


You were in the Dungeon.
You worshipped Trog.
Trog was exalted by your worship.
You visited 1 branch You collected 1168 gold pieces.
You spent 572 gold pieces at shops.

Inventory:

Hand Weapons
 a - a +0 mace
 c - the +10 great mace of Uffo {vorpal, Int+2}
   (You acquired it in the Dungeon)

   It inflicts extra damage upon your enemies.
   Int:       It affects your intelligence (+2).
 n - the +12 great mace of Psychosis (weapon) {vorpal, Fragile rN++ Dex+4 Stlth+}
   (Trog gifted it to you in the Dungeon)

   It inflicts extra damage upon your enemies.
   Dex:       It affects your dexterity (+4).
   rN:        It greatly protects you from negative energy.
   Fragile:   It will be destroyed if unequipped.
   Stlth:     It makes you more stealthy.
Armour
 b - a +0 animal skin
 d - a +3 chain mail (worn)
 k - a +0 leather armour
Wands
 i - a wand of digging (3)
Scrolls
 e - a scroll of enchant armour {unknown}
 h - a scroll of blinking
 m - a scroll of amnesia {unknown}
Potions
 f - 2 potions of magic
 g - a potion of berserk rage
 j - a potion of attraction {unknown}
 l - a potion of cancellation {unknown}


   Skills:
 - Level 17.0 Fighting
 - Level 18.0 Maces & Flails
 + Level 18.0 Armour
 - Level 2.1 Dodging
 - Level 2.3 Stealth
 + Level 2.4 Evocations


You had 11 spell levels left.
You didn't know any spells.
Your spell library was empty.

Dungeon Overview and Level Annotations

Branches:
Dungeon (1/1)

Altars:
Cheibriados
Dithmenos
Elyvilon
Fedhas
Gozag
Hepliaklqana
Kikubaaqudgha
Makhleb
Nemelex Xobeh
Okawaru
Qazlal
Ru
Sif Muna
Trog
Uskayaw
Vehumet
Wu Jian
Xom
Yredelemnul
Zin
The Shining One
Jiyva
Lugonu

Shops:
D *


Innate Abilities, Weirdness & Mutations

You are immune to sickness and miasma.
Your stone body is resilient. (AC +8)
You are immune to poison.
You resist negative energy. (rN+)
You are resistant to electric shocks. (rElec)
You are resistant to unholy torment.
You are immune to petrification.


Message History

Something appears at your feet!
You see here a +5 antimagic great mace.
The fire giant hits you with a +4 great sword of flaming.
The fire giant burns you.
Your Armour skill increases to level 17!
Your Evocations skill increases to level 2!
You have reached level 12!
Your experience leads to an increase in your attributes!
Your base attributes are Str 25, Int 7, Dex 9.
Increase (S)trength, (I)ntelligence, or (D)exterity?
You feel stronger.
You feel clever.
You bludgeon the fire giant!!
The fire giant is moderately wounded.
You bludgeon the fire giant!!
The fire giant is severely wounded.
The fire giant casts a spell at you.
The fireball explodes!
The fireball engulfs you!!!
The fireball engulfs the fire giant!
The fire giant resists.
You bludgeon the fire giant!!
You feel the power of Trog in you as your rage grows.
You kill the fire giant!
Trog accepts your kill.
Trog appreciates your killing of a magic user.
Your Armour skill increases to level 18!
Found a scale mail and 10 gold pieces.
The fire giant points at you and mumbles some strange words.
The fireball explodes!
The fireball engulfs you!!
* * * LOW HITPOINT WARNING * * *
The fireball engulfs the fire giant!
The fire giant resists.
You see here a +4 great sword of flaming.
You bludgeon the fire giant!!
The fire giant is heavily wounded.
You sock the fire giant!
The fire giant is severely wounded.
The fire giant hits you but does no damage.
You thump the fire giant!
The fire giant is almost dead.
The fire giant hits you with a +2 great sword of flaming!!
* * * LOW HITPOINT WARNING * * *
The fire giant burns you!
You die...

## ###
#..#'### .+
##...# ##
###.# #.# #.#
####'#
###....#
$[#####)).####
......C@###
....##### ..


You could see a fire giant.

Vanquished Creatures
  A daeva (D)
  3 fire giants (D)
  A hydra (D)
  2 centaur warriors (D)
  Sonja (D)
  A deep troll (D)
  A lindwurm (D)
  An oklob plant (D)
  5 unseen horrors (D)
  2 kobold demonologists (D)
  4 demonic crawlers (D)
  A hornet (D)
  A slime creature (D)
  Sigmund (D)
  A yak (D)
  13 hogs (D)
  2 floating eyes (D)
  An ogre (D)
  A jelly (D)
  Ijyb (D)
44 creatures vanquished.

Vanquished Creatures (others)
  A gargoyle (D)
1 creature vanquished.

Grand Total: 45 creatures vanquished

Notes
Turn   | Place    | Note
-------+----------+-------------------------------------------
     0 | D        | Dadi the Gargoyle Berserker began the quest for the Orb.
     0 | D        | Reached XP level 1. HP: 14/14 MP: 1/1
     2 | D        | Noticed Ijyb
     5 | D        | Killed Ijyb
     6 | D        | Reached skill level 5 in Fighting
     6 | D        | Reached XP level 2. HP: 21/21 MP: 2/2
     6 | D        | Reached XP level 3. HP: 26/26 MP: 3/3
    49 | D        | Noticed an ogre
    58 | D        | Killed an ogre
    59 | D        | Reached XP level 4. HP: 9/34 MP: 4/4
    82 | D        | Killed a gargoyle
   308 | D        | Noticed Sigmund
   313 | D        | Killed Sigmund
   313 | D        | Reached ** piety under Trog
   314 | D        | Reached skill level 1 in Stealth
   314 | D        | Reached XP level 5. HP: 41/41 MP: 5/5
   314 | D        | Reached XP level 6. HP: 46/46 MP: 6/6
   400 | D        | Found an ornate altar of the Wu Jian Council.
   400 | D        | Found a shimmering blue altar of Sif Muna.
   402 | D        | Found a radiant altar of Vehumet.
   453 | D        | Found a burning altar of Makhleb.
   453 | D        | Found a viscous altar of Jiyva.
   453 | D        | Found a shimmering altar of Xom.
   453 | D        | Found a corrupted altar of Lugonu.
   453 | D        | Noticed a slime creature
   460 | D        | Killed a slime creature
   461 | D        | Reached skill level 10 in Fighting
   461 | D        | Reached XP level 7. HP: 52/53 MP: 7/7
   574 | D        | Found Saafoc's General Store.
   574 | D        | Found an ancient bone altar of Kikubaaqudgha.
   574 | D        | Found a hazy altar of Hepliaklqana.
   574 | D        | Found a stormy altar of Qazlal.
   574 | D        | Found a hide-covered altar of Uskayaw.
   574 | D        | Found a blossoming altar of Fedhas.
   574 | D        | Found a bloodstained altar of Trog.
   574 | D        | Found an iron altar of Okawaru.
   574 | D        | Found a basalt altar of Yredelemnul.
   574 | D        | Found a glowing golden altar of the Shining One.
   574 | D        | Found a snail-covered altar of Cheibriados.
   574 | D        | Found a sacrificial altar of Ru.
   574 | D        | Found a glowing silver altar of Zin.
   574 | D        | Found a shadowy altar of Dithmenos.
   574 | D        | Found a white marble altar of Elyvilon.
   574 | D        | Noticed a yak
   579 | D        | Killed a yak
   579 | D        | Reached *** piety under Trog
   580 | D        | Found an opulent altar of Gozag.
   581 | D        | Found a sparkling altar of Nemelex Xobeh.
   647 | D        | Noticed a centaur warrior
   647 | D        | Noticed a centaur warrior
   662 | D        | Killed a centaur warrior
   663 | D        | Reached XP level 8. HP: 30/62 MP: 8/8
   671 | D        | Noticed Sonja
   680 | D        | HP: 2/62 [centaur warrior (4)]
   681 | D        | Killed a centaur warrior
   682 | D        | Reached XP level 9. HP: 3/68 MP: 9/9
   685 | D        | HP: 3/68 [Sonja (1)]
   704 | D        | Killed Sonja
   705 | D        | Reached skill level 15 in Maces & Flails
  1014 | D        | Noticed a deep troll
  1028 | D        | Killed a deep troll
  1028 | D        | Reached **** piety under Trog
  1029 | D        | Reached skill level 15 in Fighting
  1372 | D        | Noticed a hornet
  1375 | D        | Killed a hornet
  1407 | D        | Bought a scroll of acquirement for 572 gold pieces
  1407 | D        | Acquired the +10 great mace of Uffo {vorpal, Int+2}
  1429 | D        | Noticed an oklob plant
  1434 | D        | Killed an oklob plant
  1435 | D        | Reached XP level 10. HP: 77/77 MP: 10/10
  1497 | D        | Noticed a kobold demonologist
  1498 | D        | Noticed a kobold demonologist
  1502 | D        | Killed a kobold demonologist
  1502 | D        | Reached ***** piety under Trog
  1503 | D        | Killed a kobold demonologist
  1503 | D        | Received a gift from Trog
  1774 | D        | Noticed a lindwurm
  1778 | D        | Killed a lindwurm
  1818 | D        | Identified the +12 great mace of Psychosis {vorpal, Fragile
                  | rN++ Dex+4 Stlth+} (Trog gifted it to you in the Dungeon)
  1818 | D        | Received a gift from Trog
  1822 | D        | Reached skill level 5 in Armour
  1829 | D        | Reached XP level 11. HP: 83/85 MP: 11/11
  1840 | D        | Received a gift from Trog
  1848 | D        | Reached skill level 10 in Armour
  1859 | D        | Noticed a 12-headed hydra
  1862 | D        | Killed a 12-headed hydra
  2154 | D        | Noticed a daeva
  2209 | D        | Killed a daeva
  2210 | D        | Reached skill level 1 in Evocations
  2319 | D        | Received a gift from Trog
  2549 | D        | Noticed a fire giant
  2550 | D        | Noticed a fire giant
  2551 | D        | Noticed a fire giant
  2556 | D        | Killed a fire giant
  2556 | D        | Noticed a fire giant
  2561 | D        | Killed a fire giant
  2561 | D        | Reached ****** piety under Trog
  2561 | D        | Received a gift from Trog
  2562 | D        | Reached XP level 12. HP: 81/91 MP: 12/12
  2564 | D        | Killed a fire giant
  2568 | D        | HP: 5/136 [fire giant (21)]
  2568 | D        | Mangled by a fire giant

Illustrated notes

Levels and vault maps discovered:
D:        dungeon_sprint_1 [red_sonja_temple_1, red_sonja_temple_small_1]

Skill      XL: |  1  2  3  4  5  6  7  8  9 10 11 12 |
---------------+-------------------------------------+-----
Fighting       | 5 7 9 10 12 13 15 17 | 17.0
Maces & Flails | 4 7 9 11 13 14 16 18 | 18.0
Dodging        | 2 |  2.1
Stealth        | 1 2 |  2.3
Armour         | 7 17 18 | 18.0
Evocations     | 2 |  2.4

Action                   |  1- 3 |  4- 6 |  7- 9 | 10-12 || total
-------------------------+-------+-------+-------+-------++-------
Melee: Mace              |    10 |    11 |    40 |       ||    61
       Great mace        |       |       |     3 |   102 ||   105
Invok: Berserk           |     2 |     3 |     6 |     6 ||    17
       Trog's Hand       |       |       |     1 |       ||     1
Evoke: Wand              |       |       |       |     1 ||     1
  Use: Potion            |       |       |     3 |       ||     3
       Scroll            |       |       |     1 |       ||     1
Armor: Leather armour    |       |     2 |    24 |    11 ||    37
       Chain mail        |       |       |       |   106 ||   106
Dodge: Dodged            |     1 |     2 |    17 |    40 ||    60
